 Dungeon Crawl Stone Soup version 0.31-a0-267-g3fc6992b3b (webtiles) character file.

Game seed: 8064173711874052075

618 qw the Shooter (level 7, -5/43 HPs)
             Began as a Gargoyle Hexslinger on July 14, 2023.
             Killed by divine providence
             ... invoked by an orc priest
              (12 damage)
             ... on level 4 of the Dungeon.
             The game lasted 00:01:14 (3222 turns).

qw the Shooter (Gargoyle Hexslinger)                Turns: 3222, Time: 00:01:15

Health: -5/43      AC: 15    Str: 18    XL:     7   Next: 45%
Magic:  8/8        EV: 11    Int: 13    God:
Gold:   159        SH:  0    Dex: 14    Spells: 7/8 levels left

rFire   . . .        Y - +1 sling (elec)
rCold   . . .        (no shield)
rNeg    + + .        f - +3 ring mail {Will+}
rPois   inf          j - +0 helmet
rElec   +            p - +0 cloak
rCorr   .            (no gloves)
SInv    .            (no boots)
Will    +....        o - amulet of the acrobat
Stlth   +            d - ring of positive energy
HPRegen 0.27/turn    e - +6 ring of strength
MPRegen 0.11/turn

%: acrobat
@: no status effects
A: sickness immunity, AC +4, negative energy resistance 1, electricity
resistance, torment resistance 1, petrification resistance
a: no special abilities


You were on level 4 of the Dungeon.
You visited 1 branch of the dungeon, and saw 4 of its levels.

You collected 159 gold pieces.


Innate Abilities, Weirdness & Mutations

You are immune to sickness and miasma.
Your stone body is resilient. (AC +4)
You are immune to poison.
You resist negative energy. (rN+)
You are resistant to electric shocks. (rElec)
You are resistant to unholy torment.
You are immune to petrification.


   Skills:
 - Level 4.1 Fighting
 - Level 7.0 Ranged Weapons
 + Level 1.2 Armour
 - Level 1.5 Dodging
 - Level 1.0 Spellcasting
 - Level 2.6 Hexes


You had 7 spell levels left.
You knew the following spells:

 Your Spells              Type           Power      Damage    Failure   Level
a - Slow                  Hex            28%        N/A       17%         1

Your spell library contained the following spells:

 Spells                   Type           Power      Damage    Failure   Level
 Inner Flame              Hex/Fire       4%         N/A       65%         3
 Portal Projectile        Hex/Tloc       8%         N/A       65%         3
 Cause Fear               Hex            3%         N/A       86%         4

Inventory:

Hand Weapons
 Y - a +1 sling of electrocution (weapon)
Armour
 f - a +3 ring mail of willpower (worn)
 j - a +0 helmet (worn)
 l - a +3 ring mail of poison resistance
 p - a +0 cloak (worn)
Jewellery
 d - a ring of positive energy (left hand)
 e - a +6 ring of strength (right hand)
 k - a ring of protection from fire
 o - an amulet of the acrobat (around neck)
Wands
 i - a wand of digging (7)
Scrolls
 g - 3 scrolls of teleportation
 h - a scroll of identify
Potions
 a - a potion of magic {unknown}
 b - 2 potions of curing
 c - a potion of brilliance {unknown}
 m - a potion of haste {unknown}
 n - a potion of enlightenment {unknown}
 q - 2 potions of heal wounds {unknown}

Dungeon Overview and Level Annotations

Branches:
Dungeon (4/15)
 Temple: D:4-7

Altars:
Qazlal
Uskayaw

Shops:
D:3 (   D:4 *


Message History

Enter note:
Enter note:
Enter note:
Enter note: You shoot a sling bullet.
The sling bullet barely misses the orc.
The orc priest shouts!
The orc shouts!
The sling bullet hits the orc priest!
The orc priest is heavily wounded.
An orc priest comes into view. It is wielding a +0 dagger.
An orc comes into view. It is wielding a +2 vampiric hand axe.
You shoot a sling bullet.
The sling bullet completely misses the orc.
The orc priest shouts!
The sling bullet hits the orc priest.
The orc priest is severely wounded.
The orc priest invokes the aid of Beogh against you.
Beogh smites you!
You shoot a sling bullet.
The sling bullet hits the orc but does no damage.
Lightning courses through the orc!
You kill the orc!
The orc priest mumbles some strange prayers to Beogh against you.
You resist with some effort.
The orc priest calls down the wrath of Beogh upon you.
Beogh smites you!
You shoot a sling bullet.
The sling bullet hits the orc but does no damage.
You shoot a sling bullet. The sling bullet hits the orc.
The orc is moderately wounded.
The orc priest calls upon Beogh to heal the orc.
The orc's wounds heal themselves!
You shoot a sling bullet. The sling bullet hits the orc.
The orc is almost dead.
You shoot a sling bullet. The sling bullet hits the orc.
You kill the orc!
The orc priest invokes the aid of Beogh against you.
Beogh smites you!
The orc priest mumbles some strange prayers to Beogh against you.
Beogh smites you!
You die...

############
#......>...#
######### ##
#.########.#
#@)oo.o.. .. #.#
####.###.####...
## #.#
#........# #.#
#.##.##..#
#.##### #.##..#
#.##.> ......#
#.##.# ##.##.#.
#.##.# #.##....
#.##.# ..#######


You could see 2 orc priests and an orc.

Vanquished Creatures
  Grinder (D:3)
  A phantom (D:4)
  A scorpion (D:4)
  An iguana (D:4)
  Jessica (D:3)
  Ijyb (D:3)
  Terence (D:3)
  A sleepcap (D:4)
  2 orc wizards (D:4)
  3 gnolls (D:4)
  An adder (D:2)
  2 worms
  3 dart slugs
  10 orcs
  5 endoplasms
  5 goblins
  3 hobgoblins
  4 jackals (D:4)
  3 quokkas
  4 ball pythons
  5 bats
  2 frilled lizards
  7 kobolds
  5 rats
72 creatures vanquished.

Notes
Turn   | Place    | Note
-------+----------+-------------------------------------------
     0 | D:1      | qw the Gargoyle Hexslinger began the quest for the Orb.
     0 | D:1      | Reached XP level 1. HP: 12/12 MP: 2/2
     0 | D:1      | 0 ||| qw: Version: 0.3-a-52-g30416fa
     0 | D:1      | 0 ||| qw: Game counter: 7804
     0 | D:1      | 0 ||| qw: Melee chars always use a shield: true
     0 | D:1      | 0 ||| qw: God list: Okawaru
     0 | D:1      | 0 ||| qw: Allow faded altars: false
     0 | D:1      | 0 ||| qw: Do Orc after clearing Dungeon:15 true
     0 | D:1      | 0 ||| qw: Do second Lair branch before Depths: true
     0 | D:1      | 0 ||| qw: Lair rune preference: random
     0 | D:1      | 0 ||| qw: Goals: Normal
     0 | D:1      | 0 ||| PLANNING D:1-11
    76 | D:1      | Reached XP level 2. HP: 16/16 MP: 3/3
   226 | D:1      | Reached skill level 3 in Ranged Weapons
   470 | D:1      | Reached XP level 3. HP: 21/21 MP: 4/4
   475 | D:1      | 475 ||| UPGRADING to +0 helmet.
   480 | D:1      | 480 ||| UPGRADING to +0 ring mail.
   490 | D:1      | 490 ||| DROPPING +0 robe.
   491 | D:1      | 491 ||| DROPPING scarf of invisibility.
   492 | D:1      | 492 ||| UPGRADING to amulet of the acrobat.
   497 | D:1      | 497 ||| READING scroll labelled OTSYOMO ZECS.
   513 | D:1      | 513 ||| READING scroll labelled PUPTASHR DYARYLIM.
   514 | D:1      | 514 ||| READING scroll labelled FAN NINEDUOS.
   515 | D:1      | 515 ||| READING 4 scrolls labelled WOCOLA LUIS.
   520 | D:1      | 520 ||| READING 3 scrolls labelled LINLEWAMIE.
   521 | D:1      | 521 ||| READING scroll labelled GISKEV WUICUG.
   522 | D:1      | 522 ||| READING 2 scrolls of identify.
   522 | D:1      | 522 ||| IDENTIFYING ruby potion
   523 | D:1      | 523 ||| DROPPING scroll of poison.
   524 | D:1      | 524 ||| DROPPING potion of ambrosia.
   683 | D:2      | Reached skill level 1 in Armour
   695 | D:2      | Found a hide-covered altar of Uskayaw.
  1414 | D:2      | Found a faded altar of an unknown god.
  1632 | D:2      | 1632 ||| UPGRADING to ring of positive energy.
  1633 | D:2      | 1633 ||| UPGRADING to +6 ring of strength.
  1634 | D:2      | 1634 ||| READING scroll labelled RAIKKEL IXKEN.
  1635 | D:2      | 1635 ||| READING scroll labelled MIONITH LESI.
  1636 | D:2      | 1636 ||| READING 2 scrolls of identify.
  1636 | D:2      | 1636 ||| IDENTIFYING golden potion
  1767 | D:3      | Found Esestram's Antique Weapon Emporium.
  1802 | D:3      | Noticed Grinder
  1802 | D:3      | Paralysed by Grinder for 4 turns
  1809 | D:3      | Paralysed by Grinder for 3 turns
  1811 | D:3      | HP: 5/21 [Grinder (1)]
  1812 | D:3      | 1812 ||| READING 3 scrolls of teleportation.
  1813 | D:3      | HP: 2/21 [Grinder (1)]
  1925 | D:3      | Noticed Ijyb
  1927 | D:3      | Noticed Jessica
  1933 | D:3      | Killed Ijyb
  1934 | D:3      | Reached XP level 4. HP: 23/26 MP: 5/5
  1934 | D:3      | 1934 ||| FLEEEEING.
  1939 | D:3      | Killed Jessica
  1940 | D:3      | Reached skill level 4 in Ranged Weapons
  2013 | D:3      | Noticed Terence
  2023 | D:3      | Killed Terence
  2024 | D:3      | Reached XP level 5. HP: 21/30 MP: 6/6
  2089 | D:3      | Identified the +0 robe of the Marlin {Str+3}
  2219 | D:3      | Found a stormy altar of Qazlal.
  2254 | D:3      | Killed Grinder
  2255 | D:3      | Reached skill level 6 in Ranged Weapons
  2255 | D:3      | Reached XP level 6. HP: 34/35 MP: 7/7
  2534 | D:3      | 2534 ||| UPGRADING to +3 ring mail of willpower.
  2544 | D:3      | 2544 ||| DROPPING +0 ring mail.
  2545 | D:3      | 2545 ||| DROPPING +0 robe of the Marlin {Str+3}.
  2546 | D:3      | 2546 ||| UPGRADING to +0 cloak.
  2570 | D:4      | Found Hobuthrua's Overcharged Wands.
  2842 | D:4      | Reached skill level 3 in Fighting
  2894 | D:4      | Reached XP level 7. HP: 43/43 MP: 8/8
  2908 | D:4      | 2908 ||| Stepping ~*~*~tactically~*~*~ (outnumbered).
  3136 | D:4      | Reached skill level 7 in Ranged Weapons
  3222 | D:4      | HP: 7/43 [orc priest/divine providence (10)]
  3222 | D:4      | Killed from afar by an orc priest

Levels and vault maps discovered:
D:1:      dpeg_arrival_pond, layout_rooms
D:2:      layout_basic, basic_altar, shapermc_ecumenical_altar_mp_vishouse
D:3:      layout_basic, mainiacjoe_overflow_brackets, serial_shops, shop,
          uniq_jessica, uniq_terence, uniq_ijyb, uniq_grinder
D:4:      layout_loops_ring, lemuel_coloured_pillars_altar,
          nicolae_shop_overcharged_wands

Skill      XL: |  1  2  3  4  5  6  7 |
---------------+----------------------+-----
Ranged Weapons | 3 4 6 7 |  7.0
Fighting       | 2 4 |  4.1
Armour         | 1 |  1.2
Dodging        | |  1.5
Spellcasting   | |  1.0
Hexes          | |  2.6

Action                     |  1- 3 |  4- 6 |  7- 9 || total
---------------------------+-------+-------+-------++-------
   Fire: Sling             |   118 |    97 |    60 ||   275
    Use: Scroll            |    11 |       |       ||    11
 Armour: Robe              |    12 |       |       ||    12
         Ring mail         |    10 |    18 |    13 ||    41
  Dodge: Dodged            |    35 |    29 |    11 ||    75

Table legend:
 A = Non-vault XP
 B = Vault XP
 C = Vault XP percentage of total XP
 D = Non-vault monster count
 E = Vault monster count
 F = Vault count percentage of total count
                 A         B        C        D         E       F
            +---------+---------+-------+---------+---------+-------
      Total |     501 |     386 |  43.5 |      68 |       4 |   5.6
            +---------+---------+-------+---------+---------+-------
        D:1 |      36 |       0 |   0.0 |      20 |       0 |   0.0
        D:2 |      42 |       0 |   0.0 |      16 |       0 |   0.0
        D:3 |      11 |     386 |  97.2 |       6 |       4 |  40.0
        D:4 |     412 |       0 |   0.0 |      26 |       0 |   0.0
            +---------+---------+-------+---------+---------+-------
